 Dungeon Sprint DCSS version 0.17.1-1-g73c8601 (webtiles) character file.

25366 Ponchio the Hoplite (level 17, -7/131 HPs)
             Began as a Gargoyle Fighter on Dec 26, 2015.
             Was the Champion of Qazlal.
             Killed from afar by a hellion (30 damage)
             ... with a burst of hellfire
             ... in the Dungeon (Sprint VI: "Thunderdome").
             The game lasted 01:31:28 (4031 turns).

Ponchio the Hoplite (Gargoyle Fighter)              Turns: 4031, Time: 01:31:31

Health: -7/131     AC: 46    Str: 29    XL:     17   Next: 48%
Magic:  24/24      EV:  9    Int:  3    God:    Qazlal [******]
Gold:   68         SH: 37    Dex: 19    Spells: 0 memorised, 16 levels left

rFire  + + +     SeeInvis .     z - +0 demon whip
rCold  + + +     Clarity  .     F - +0 gold dragon armour
rNeg   + + +     SustAt   .     C - +2 large shield of the Quahog {MR+}
rPois  ∞         Gourm    .     f - +0 hat of the Black Moon {MR- Slay+4}
rElec  +         Spirit   .     H - +2 cloak of Maiveub {rN+}
rCorr  +         Warding  +     J - +1 pair of gloves of the Dungeon {rCorr Dex+2}
rMut   .         NoTele   +     K - +0 pair of boots "Neczim" {rF+ Int-5 Dex+3 Stlth+}
MR     ++...                    y - amulet "Exkec" {Ward +Blink rN+ Stlth+}
Stlth  ..........               A - ring of Leemug {rC++ Str+2 Slay+3}
                                s - ring "Vantexze" {rF+ MR+ Str+4 Slay+2}

@: quad damage, very slightly contaminated, hasted, glowing, studying
Evocations, repel missiles, very quick, very resistant to hostile enchantments,
extremely unstealthy
A: big wings, negative energy resistance 1, electricity resistance, unbreathing,
petrification resistance, rot immunity, AC +12
a: Fly, Upheaval, Elemental Force, Disaster Area, Renounce Religion, Evoke Blink
}: 4/15 runes: serpentine, barnacled, slimy, elven


You were in the Dungeon.
You worshipped Qazlal.
Qazlal was exalted by your worship.
You were hungry.

You visited 1 branch You collected 9560 gold pieces.
You spent 9492 gold pieces at shops.

Inventory:

Hand Weapons
 z - a +0 demon whip (weapon)
Armour
 f - the +0 hat of the Black Moon (worn) {MR- Slay+4}
   (You bought it in a shop in the Dungeon)

   It affects your accuracy and damage with ranged weapons and melee attacks
   (+4).
   It affects your resistance to hostile enchantments.
 C - the +2 large shield of the Quahog (worn) {MR+}
   (You bought it in a shop in the Dungeon)

   It affects your resistance to hostile enchantments.
 F - a +0 gold dragon armour (worn)
 G - the +4 helmet of Gegibb {rPois rN+}
   (You bought it in a shop in the Dungeon)

   It protects you from poison.
   It protects you from negative energy.
 H - the +2 cloak of Maiveub (worn) {rN+}
   (You bought it in a shop in the Dungeon)

   It protects you from negative energy.
 J - the +1 pair of gloves of the Dungeon (worn) {rCorr Dex+2}
   (You bought it in a shop in the Dungeon)

   It affects your dexterity (+2).
   It protects you from acid and corrosion.
 K - the +0 pair of boots "Neczim" (worn) {rF+ Int-5 Dex+3 Stlth+}
   (You bought it in a shop in the Dungeon)

   It affects your intelligence (-5).
   It affects your dexterity (+3).
   It protects you from fire.
   It makes you more stealthy.
Jewellery
 a - an uncursed ring of see invisible
 s - the ring "Vantexze" (left hand) {rF+ MR+ Str+4 Slay+2}
   (You bought it in a shop in the Dungeon)

   [ring of protection from magic]

   It affects your strength (+4).
   It affects your accuracy and damage with ranged weapons and melee attacks
   (+2).
   It protects you from fire.
   It affects your resistance to hostile enchantments.
 y - the amulet "Exkec" (around neck) {Ward +Blink rN+ Stlth+}
   (You bought it in a shop in the Dungeon)

   [amulet of warding]

   It may prevent the melee attacks of summoned creatures.
   It protects you from negative energy.
   It lets you blink.
   It makes you more stealthy.
 A - the ring of Leemug (right hand) {rC++ Str+2 Slay+3}
   (You bought it in a shop in the Dungeon)

   [ring of strength]

   It affects your strength (+2).
   It affects your accuracy and damage with ranged weapons and melee attacks
   (+3).
   It greatly protects you from cold.
 P - the ring "Aggil" {+Blink Str-5 Int+6 SInv}
   (You bought it in a shop in the Dungeon)

   [ring of see invisible]

   It affects your strength (-5).
   It affects your intelligence (+6).
   It lets you see invisible.
   It lets you blink.
Wands
 e - a wand of heal wounds (5)
 m - a wand of cold (4)
 n - a wand of fire (4)
 D - a wand of hasting (4)
Scrolls
 k - 3 scrolls of blinking
 o - 3 scrolls of fog
 v - 13 scrolls of remove curse
 I - a scroll of identify
Potions
 c - 4 potions of curing
 d - a potion of might
 g - a potion of heal wounds
 i - 2 potions of magic
 j - a potion of berserk rage
 l - a potion of resistance
 r - a potion of cure mutation
 t - 6 potions of agility
Books
 T - a manual of Evocations
Miscellaneous
 q - a quad damage
 u - a quad damage
Comestibles
 b - 2 royal jellies


   Skills:
 + Level 23.4 Fighting
 - Level 13.6 Maces & Flails
 + Level 22.4 Armour
 - Level 3.3 Dodging
 - Level 25.6 Shields
 - Level 9.5 Invocations


You had 16 spell levels left.
You didn't know any spells.

Dungeon Overview and Level Annotations

Branches:
Dungeon (1/1)

Altars:
Cheibriados
Dithmenos
Fedhas
Gozag
Kikubaaqudgha
Makhleb
Okawaru
Qazlal
Ru
Sif Muna
Trog
Vehumet
Xom
Yredelemnul
Zin
The Shining One
Jiyva
Lugonu

Shops:
D [%??*?*:[((!!!!


Innate Abilities, Weirdness & Mutations

You are resistant to torment.
Your stone body is resilient (AC +12).
You are immune to poison.
Your large and strong wings let you fly indefinitely.
You resist negative energy.
You are resistant to electric shocks.
You can survive without breathing.
You are immune to petrification.
You are immune to rotting.


Message History

QUAD DAMAGE!
THE HELLION GESTURES AT YOU.
THE HELLFIRE EXPLODES!
THE BURST OF HELLFIRE ENGULFS YOU!
* * * LOW HITPOINT WARNING * * *
THE BURST OF HELLFIRE ENGULFS THE BRIMSTONE FIEND.
THE BRIMSTONE FIEND COMPLETELY RESISTS.
THE BRIMSTONE FIEND GESTURES AT YOU.
THE HELLFIRE EXPLODES!
THE BLAST OF HELLFIRE ENGULFS YOU!
* * * LOW HITPOINT WARNING * * *
THE BLAST OF HELLFIRE ENGULFS THE BRIMSTONE FIEND.
THE BRIMSTONE FIEND COMPLETELY RESISTS.
DRINK WHICH ITEM? (?
FOR MENU, ESC TO QUIT) YOU FEEL MUCH BETTER.
THE BALRUG GESTURES AT YOU.
THE FIREBALL EXPLODES!
THE FIREBALL ENGULFS YOU!
YOU RESIST.
THE FIREBALL ENGULFS THE BRIMSTONE FIEND.
THE BRIMSTONE FIEND COMPLETELY RESISTS.
THE HELLION GESTURES AT YOU.
THE HELLFIRE EXPLODES!
THE BURST OF HELLFIRE ENGULFS YOU!
YOU DIE...

##⌠⌠⌠## #.....# ##.....##
##∩.2..[∩## #∩....(..∩#
#_.v....._# #_.(*(..._#
#[§§..()..# ###(§1@.(.[[###
#§((§(.§§2...§#
######(8(§§.§....8(######
##∩___.......##......__.∩##
###∩.....(....#....(.......∩###
##........(..)..#..............#
#⌠........(.###...[##..........⌠
#⌠....[...()# #)<.#.#..........⌠
#⌠..=...=.([###...[#[.(........⌠


You could see an orb of fire, a Brimstone Fiend, a balrug and a hellion.

Vanquished Creatures
  Fannar (D)
  A great orb of eyes (D)
  A Brimstone Fiend (D)
  Ilsuiw (D)
  A sphinx (D)
  5 fire giants (D)
  A fire giant (shapeshifter) (D)
  A balrug (D)
  A cacodemon (D)
  10 stone giants (D)
  2 reapers (D)
  A naga warrior (D)
  A mummy priest (D)
  A hydra (D)
  A catoblepas (D)
  An anaconda (shapeshifter) (D)
  A spriggan air mage (D)
  2 satyrs (D)
  3 spriggan berserkers (D)
  2 death yaks (D)
  2 sun demons (D)
  4 soul eaters (D)
  A hell knight (D)
  A fire crab (shapeshifter) (D)
  2 ice devils (D)
  A swamp dragon (D)
  9 orb spiders (D)
  A swamp dragon (shapeshifter) (D)
  2 harpies (shapeshifter) (D)
  A shining eye (shapeshifter) (D)
  2 griffons (D)
  A cyclops (shapeshifter) (D)
  6 moths of wrath (D)
  A black mamba (shapeshifter) (D)
  An elephant (shapeshifter) (D)
  An orange demon (D)
  2 komodo dragons (D)
  A black mamba (D)
  A spiny frog (shapeshifter) (D)
  2 kobold demonologists (D)
  2 fire drakes (D)
  2 rust devils (D)
  2 hellwings (D)
  A hellion (D)
  2 guardian mummies (D)
  A dryad (D)
  A red devil (D)
  A queen bee (shapeshifter) (D)
  A jumping spider (D)
  3 wind drakes (D)
  4 giant leeches (D)
  A boulder beetle (shapeshifter) (D)
  A two-headed ogre (shapeshifter) (D)
  A slime creature (shapeshifter) (D)
  An air elemental (D)
  A trapdoor spider (shapeshifter) (D)
  A trapdoor spider (D)
  A tarantella (shapeshifter) (D)
  A yak (D)
  A ynoxinul (D)
  A wyvern (D)
  A deep elf mage (D)
  A steam dragon (D)
  A golden eye (shapeshifter) (D)
  2 water moccasins (D)
  3 wolves (D)
  A hippogriff (shapeshifter) (D)
  A deep elf fighter (D)
  5 mottled dragons (D)
  2 porcupines (D)
  An eye of draining (shapeshifter) (D)
  4 sky beasts (D)
  Purgy (D)
  A swamp drake (D)
  A necrophage (D)
  A crocodile (D)
  A brain worm (D)
  A wight (D)
  6 killer bees (D)
  2 hell rats (D)
  8 mummies (D)
  A worm (D)
  A bat skeleton (D)
  A quokka zombie (D)
  A rat (D)
158 creatures vanquished.

Vanquished Creatures (others)
  An orb spider (D)
1 creature vanquished.

Grand Total: 159 creatures vanquished

Notes
Turn   | Place    | Note
--------------------------------------------------------------
     0 | D        | Ponchio the Gargoyle Fighter began the quest for the Orb.
     0 | D        | Reached XP level 1. HP: 14/14 MP: 1/1
     3 | D        | Found a glowing golden altar of the Shining One.
     4 | D        | Found a deep blue altar of Sif Muna.
     4 | D        | Found a snail-covered altar of Cheibriados.
     5 | D        | Found a radiant altar of Vehumet.
     5 | D        | Found a glowing silver altar of Zin.
     5 | D        | Round 1.
     6 | D        | Found a burning altar of Makhleb.
     6 | D        | Found Monoar's Staff Store.
     6 | D        | Found Kaammir's Magic Scroll Shop.
     7 | D        | Found Didebor's Must-Have Magic.
     7 | D        | Found Ikior's Magic Scroll Shop.
     9 | D        | Noticed a necrophage
    22 | D        | Noticed a wight
    29 | D        | Killed a necrophage
    29 | D        | Reached skill level 5 in Fighting
    29 | D        | Reached skill level 6 in Armour
    29 | D        | Reached skill level 5 in Shields
    29 | D        | Reached XP level 2. HP: 16/22 MP: 2/2
    29 | D        | Reached XP level 3. HP: 19/27 MP: 3/3
    29 | D        | Reached XP level 4. HP: 22/32 MP: 4/4
    37 | D        | Killed a wight
    37 | D        | Reached XP level 5. HP: 23/36 MP: 5/5
    45 | D        | Found Tush's Distillery.
    45 | D        | Found Xulliel's Distillery.
    46 | D        | Found Baintael's Bottled Wisdom.
    51 | D        | Found Zaocso's Do-It-Yourself Clinic.
    51 | D        | Found a shimmering altar of Xom.
    51 | D        | Found a bloodstained altar of Trog.
    60 | D        | Bought 3 potions of heal wounds for 105 gold pieces
    61 | D        | Found a viscous altar of Jiyva.
    72 | D        | Found a sacrificial altar of Ru.
    85 | D        | Found a blossoming altar of Fedhas.
    86 | D        | Found a corrupted altar of Lugonu.
    86 | D        | Found a shadowy altar of Dithmenos.
    86 | D        | Found Gyobu's Weapon Rack.
    86 | D        | Found Uzavuim's Premium Goods.
    87 | D        | Found Cale's Basic Armour.
    87 | D        | Found Erpha Tor's Miscellaneous Merchandise.
   109 | D        | Found a stormy altar of Qazlal.
   109 | D        | Found an opulent altar of Gozag.
   109 | D        | Found Lank's Identification Station.
   109 | D        | Found Postrifo's Advanced Armour.
   110 | D        | Found Coosk's Jewellery.
   111 | D        | Noticed a necrophage
   115 | D        | Found Woha's Bee Food.
   115 | D        | Found a basalt altar of Yredelemnul.
   115 | D        | Found an iron altar of Okawaru.
   115 | D        | Found an ancient bone altar of Kikubaaqudgha.
   138 | D        | Arena points: 5 (+5) [x1]
   138 | D        | Reached skill level 7 in Fighting
   138 | D        | Reached skill level 5 in Maces & Flails
   153 | D        | Round 2.
   154 | D        | Bought a crude garnet amulet for 45 gold pieces
   154 | D        | Bought a steaming bone amulet for 45 gold pieces
   154 | D        | Identified the amulet of Harmony {Gourm Dex+3} (You bought it in a shop in the Dungeon)
   156 | D        | Identified the amulet "Kyonoim" {Gourm rC+ MP+9} (You bought it in a shop in the Dungeon)
   171 | D        | Became a worshipper of Qazlal Stormbringer
   174 | D        | Reached XP level 6. HP: 37/44 MP: 6/6
   189 | D        | Noticed a porcupine
   190 | D        | Noticed a porcupine
   192 | D        | Killed a porcupine
   192 | D        | Reached skill level 8 in Fighting
   201 | D        | Killed a porcupine
   201 | D        | Reached * piety under Qazlal
   201 | D        | Reached skill level 9 in Armour
   201 | D        | Reached XP level 7. HP: 36/50 MP: 7/7
   273 | D        | Noticed Purgy
   297 | D        | Killed Purgy
   297 | D        | Arena points: 29 (+24) [x2]
   311 | D        | Bought a bound lead ring for 45 gold pieces
   338 | D        | Identified the ring "Vantexze" {rF+ MR+ Str+4 Slay+2} (You bought it in a shop in the Dungeon)
   340 | D        | Round 3.
   384 | D        | Reached ** piety under Qazlal
   395 | D        | Noticed a steam dragon
   403 | D        | Killed a steam dragon
   403 | D        | Reached skill level 10 in Armour
   433 | D        | Noticed an air elemental
   438 | D        | Reached skill level 10 in Fighting
   438 | D        | Reached skill level 10 in Shields
   438 | D        | Reached XP level 8. HP: 55/57 MP: 8/8
   450 | D        | Killed an air elemental
   460 | D        | Reached *** piety under Qazlal
   460 | D        | Arena points: 92 (+63) [x3]
   478 | D        | Bought a shimmering pewter ring for 45 gold pieces
   478 | D        | Bought a faintly glowing tin ring for 45 gold pieces
   478 | D        | Identified the cursed ring "Eprafesk" {rPois Str+6 Int-2} (You bought it in a shop in the Dungeon)
   480 | D        | Identified the ring "Ruorezoe" {Wiz rElec Int+2} (You bought it in a shop in the Dungeon)
   529 | D        | Round 4.
   549 | D        | Reached **** piety under Qazlal
   562 | D        | Reached skill level 11 in Armour
   580 | D        | Arena points: 204 (+112) [x4]
   609 | D        | Round 5.
   616 | D        | Noticed a naga warlord
   650 | D        | HP: 1/59 [naga warlord/battleaxe (6)]
   652 | D        | Killed a naga warlord
   652 | D        | Arena points: 444 (+240) [x6]
   652 | D        | Reached skill level 10 in Maces & Flails
   652 | D        | Reached XP level 9. HP: 27/65 MP: 9/9
   653 | D        | Got a serpentine rune of Zot
   835 | D        | Round 6.
   844 | D        | Reached skill level 12 in Armour
   924 | D        | Noticed an orb spider
   957 | D        | Killed an orb spider
   957 | D        | Reached ***** piety under Qazlal
   968 | D        | Bought 3 potions of heal wounds for 105 gold pieces
  1005 | D        | Arena points: 468 (+24) [x1]
  1020 | D        | Round 7.
  1184 | D        | Reached XP level 10. HP: 21/72 MP: 10/10
  1193 | D        | Reached skill level 13 in Armour
  1206 | D        | Arena points: 517 (+49) [x1]
  1221 | D        | Round 8.
  1223 | D        | Reached XP level 11. HP: 53/77 MP: 15/15
  1225 | D        | Noticed a black mamba
  1230 | D        | Killed a black mamba
  1246 | D        | Reached ****** piety under Qazlal
  1248 | D        | Noticed a harpy
  1255 | D        | Killed a harpy
  1282 | D        | Arena points: 677 (+160) [x2]
  1282 | D        | Reached skill level 14 in Armour
  1296 | D        | Bought 15 scrolls of remove curse for 450 gold pieces
  1301 | D        | Round 9.
  1321 | D        | Bought a coiled platinum ring for 45 gold pieces
  1321 | D        | Bought a wavering tin ring for 45 gold pieces
  1321 | D        | Bought a fine diamond amulet for 45 gold pieces
  1324 | D        | Identified the ring "Minuoschi" {rElec MP+9} (You bought it in a shop in the Dungeon)
  1326 | D        | Identified the ring "Poismao" {MP-9 Str+6 Int+3 Dex+4} (You bought it in a shop in the Dungeon)
  1328 | D        | Identified the amulet "Exkec" {Ward +Blink rN+ Stlth+} (You bought it in a shop in the Dungeon)
  1331 | D        | Noticed a swamp dragon
  1341 | D        | Killed a swamp dragon
  1419 | D        | Arena points: 947 (+270) [x3]
  1483 | D        | Round 10.
  1506 | D        | Noticed Ilsuiw
  1581 | D        | Killed Ilsuiw
  1581 | D        | Arena points: 1447 (+500) [x5]
  1581 | D        | Reached skill level 15 in Fighting
  1581 | D        | Reached skill level 15 in Armour
  1581 | D        | Reached skill level 15 in Shields
  1581 | D        | Reached XP level 12. HP: 19/87 MP: 4/16
  1582 | D        | Got a barnacled rune of Zot
  1583 | D        | Reached XP level 13. HP: 20/92 MP: 4/19
  1597 | D        | Bought 3 potions of heal wounds for 105 gold pieces
  1597 | D        | Bought 3 potions of heal wounds for 105 gold pieces
  1612 | D        | Bought a +0 demon whip for 450 gold pieces
  1644 | D        | Bought a steaming copper ring for 45 gold pieces
  1644 | D        | Bought a fine iron ring for 45 gold pieces
  1645 | D        | Identified the ring of Leemug {rC++ Str+2 Slay+3} (You bought it in a shop in the Dungeon)
  1647 | D        | Identified the ring "Jonethriw" {AC+4 Str+3 Dex+4} (You bought it in a shop in the Dungeon)
  1804 | D        | Round 11.
  1876 | D        | Reached skill level 16 in Fighting
  1927 | D        | Arena points: 2173 (+726) [x6]
  1952 | D        | Bought a dazzling large shield for 332 gold pieces
  1962 | D        | Identified the +2 large shield of the Quahog {MR+} (You bought it in a shop in the Dungeon)
  1987 | D        | Round 12.
  2027 | D        | Bought an uncursed ring of see invisible for 225 gold pieces
  2031 | D        | Noticed a sphinx
  2047 | D        | Killed a sphinx
  2047 | D        | Reached skill level 17 in Shields
  2125 | D        | Noticed a mummy priest
  2149 | D        | Killed a mummy priest
  2149 | D        | Reached skill level 18 in Shields
  2154 | D        | Arena points: 3265 (+1092) [x7]
  2166 | D        | Bought 4 potions of curing for 84 gold pieces
  2203 | D        | Round 13.
  2255 | D        | Reached skill level 19 in Shields
  2283 | D        | Reached skill level 20 in Shields
  2297 | D        | Arena points: 4825 (+1560) [x8]
  2321 | D        | Round 14.
  2356 | D        | Reached skill level 21 in Shields
  2382 | D        | Arena points: 6085 (+1260) [x9]
  2397 | D        | Round 15.
  2400 | D        | Noticed Fannar
  2501 | D        | Killed Fannar
  2501 | D        | Arena points: 7900 (+1815) [x11]
  2501 | D        | Reached skill level 23 in Shields
  2501 | D        | Gained mutation: Your large and strong wings let you fly indefinitely. [Gargoyle growth]
  2501 | D        | Reached XP level 14. HP: 100/100 MP: 20/20
  2502 | D        | Got an elven rune of Zot
  2510 | D        | Bought a +0 gold dragon armour for 960 gold pieces
  2546 | D        | Bought a crude helmet for 332 gold pieces
  2546 | D        | Bought a faintly glowing cloak for 332 gold pieces
  2546 | D        | Bought a pair of smoking boots for 332 gold pieces
  2546 | D        | Bought a pair of faintly humming gloves for 332 gold pieces
  2551 | D        | Identified the +4 helmet of Gegibb {rPois rN+} (You bought it in a shop in the Dungeon)
  2556 | D        | Identified the +2 cloak of Maiveub {rN+} (You bought it in a shop in the Dungeon)
  2561 | D        | Identified the -3 pair of boots of Plasticity {rElec Str+3 Dex-4} (You bought it in a shop in the Dungeon)
  2566 | D        | Identified the +1 pair of gloves of the Dungeon {rCorr Dex+2} (You bought it in a shop in the Dungeon)
  2566 | D        | Bought a pair of jewelled boots for 332 gold pieces
  2576 | D        | Identified the cursed +0 pair of boots "Neczim" {rF+ Int-5 Dex+3 Stlth+} (You bought it in a shop in the Dungeon)
  2706 | D        | Bought 3 royal jellies for 24 gold pieces
  2711 | D        | Round 16.
  2743 | D        | Noticed a storm dragon
  2744 | D        | Noticed an emperor scorpion
  2744 | D        | a storm dragon changed into an emperor scorpion
  2746 | D        | an emperor scorpion changed into a catoblepas
  2747 | D        | Noticed an emperor scorpion
  2747 | D        | a catoblepas changed into an emperor scorpion
  2765 | D        | Noticed an azure jelly
  2765 | D        | an emperor scorpion changed into an azure jelly
  2769 | D        | Noticed a fire giant
  2769 | D        | an azure jelly changed into a fire giant
  2780 | D        | Killed a fire giant
  2813 | D        | Reached skill level 24 in Shields
  2882 | D        | Arena points: 10204 (+2304) [x12]
  2897 | D        | Bought a pair of ichor-stained gloves for 332 gold pieces
  2897 | D        | Bought a bloodstained cloak for 332 gold pieces
  2909 | D        | Identified the cursed -3 pair of gloves of Gorch {rF++ Regen+} (You bought it in a shop in the Dungeon)
  2919 | D        | Identified the -6 cloak of Altruism {Str+4} (You bought it in a shop in the Dungeon)
  2931 | D        | Round 17.
  2994 | D        | Noticed a reaper
  3007 | D        | Killed a reaper
  3007 | D        | Reached skill level 25 in Shields
  3030 | D        | Noticed a reaper
  3061 | D        | Killed a reaper
  3095 | D        | Noticed a cacodemon
  3109 | D        | Killed a cacodemon
  3152 | D        | Arena points: 13077 (+2873) [x13]
  3154 | D        | Reached XP level 15. HP: 96/109 MP: 21/21
  3184 | D        | Round 18.
  3339 | D        | Arena points: 16101 (+3024) [x14]
  3361 | D        | Bought a twisted hat for 315 gold pieces
  3371 | D        | Identified the +0 hat of the Black Moon {MR- Slay+4} (You bought it in a shop in the Dungeon)
  3405 | D        | Bought a quad damage for 400 gold pieces
  3405 | D        | Bought a wand of hasting (5) for 1080 gold pieces
  3406 | D        | Round 19.
  3476 | D        | Reached XP level 16. HP: 82/120 MP: 22/22
  3563 | D        | Arena points: 20946 (+4845) [x15]
  3592 | D        | Bought 3 scrolls of identify for 150 gold pieces
  3615 | D        | Bought a twitching amber ring for 45 gold pieces
  3615 | D        | Bought a transparent lead ring for 45 gold pieces
  3615 | D        | Bought a bound golden ring for 45 gold pieces
  3615 | D        | Bought a warped gossamer ring for 45 gold pieces
  3615 | D        | Bought a clouded golden ring for 45 gold pieces
  3615 | D        | Bought a clouded iron ring for 45 gold pieces
  3615 | D        | Bought a wavering lead ring for 45 gold pieces
  3622 | D        | Round 20.
  3626 | D        | Paralysed by a greater orb of eyes for 5 turns
  3694 | D        | Arena points: 25366 (+4420) [x17]
  3695 | D        | Got a slimy rune of Zot
  3696 | D        | Reached XP level 17. HP: 128/128 MP: 22/24
  3707 | D        | Identified the ring of Crawling {*Drain MP+9 Str+5 Dex+5} (You bought it in a shop in the Dungeon)
  3713 | D        | Bought 3 scrolls of identify for 150 gold pieces
  3713 | D        | Bought 3 scrolls of identify for 150 gold pieces
  3713 | D        | Identified the ring "Ugawnoud" {AC+1 Int+6} (You bought it in a shop in the Dungeon)
  3714 | D        | Identified the ring of Wibeh {rPois Str+7} (You bought it in a shop in the Dungeon)
  3715 | D        | Identified the ring "Juvvi" {Fire rElec rN+ Str+4 Int-3} (You bought it in a shop in the Dungeon)
  3716 | D        | Identified the ring "Aggil" {+Blink Str-5 Int+6 SInv} (You bought it in a shop in the Dungeon)
  3717 | D        | Identified the ring "Cimac" {Dex+5 Stlth+} (You bought it in a shop in the Dungeon)
  3718 | D        | Identified the ring of Umusch {rElec rF+ rN+ Int-5 SInv} (You bought it in a shop in the Dungeon)
  3761 | D        | Bought a quad damage for 400 gold pieces
  3761 | D        | Bought a quad damage for 400 gold pieces
  3791 | D        | Bought a potion of cure mutation for 245 gold pieces
  3803 | D        | Bought 6 potions of agility for 168 gold pieces
  3906 | D        | Round 21.
  3928 | D        | Noticed a Brimstone Fiend
  3954 | D        | Killed a Brimstone Fiend
  4024 | D        | Noticed a Brimstone Fiend
  4026 | D        | Noticed an orb of fire
  4030 | D        | HP: 2/131 [Brimstone Fiend/blast of hellfire (36)]
  4031 | D        | Killed from afar by a hellion

Action                   |  1- 3 |  4- 6 |  7- 9 | 10-12 | 13-15 | 16-18 || total
-------------------------+-------+-------+-------+-------+-------+-------++-------
Melee: Flail             |    15 |    43 |   170 |   162 |       |       ||   390
       Demon whip        |       |       |       |       |   704 |   173 ||   877
Invok: Upheaval          |       |       |       |     1 |       |       ||     1
Evoke: Wand              |       |       |       |       |     1 |     2 ||     3
       Quad damage       |       |       |       |       |       |     1 ||     1
  Use: Potion            |     2 |     1 |     4 |    10 |     2 |     7 ||    26
       Scroll            |       |       |       |     1 |     2 |     8 ||    11
 Stab: Petrified         |       |       |       |       |     3 |       ||     3
       Petrifying        |       |       |       |       |     2 |       ||     2
  Eat: Chunk             |       |       |     6 |       |     1 |     2 ||     9
       Bread ration      |       |       |       |     1 |       |       ||     1
       Royal jelly       |       |       |       |       |     1 |       ||     1
